 Dungeon Sprint DCSS version 0.21.0-24-g2553a33 (webtiles) character file.

473 letownia2 the Ruffian (level 6, -1/57 HPs)
             Began as a Troll Wizard on Jan 20, 2018.
             Was an Initiate of Gozag.
             Slain by a chaos spawn (9 damage)
             ... summoned by a kobold demonologist
             ... in the Dungeon (Sprint III: "The Ten Rune Challenge").
             The game lasted 00:02:52 (319 turns).

letownia2 the Ruffian (Troll Wizard)                 Turns: 319, Time: 00:02:53

Health: -1/57      AC:  5    Str: 16    XL:     6   Next: 83%
Magic:  6/11       EV:  9    Int: 16    God:    Gozag
Gold:   20         SH:  0    Dex:  8    Spells: 4/13 levels left

rFire    + . .     SeeInvis .     - Unarmed
rCold    . . .     Gourm    +   (no shield)
rNeg     . . .     Faith    .   a - +0 robe
rPois    .         Spirit   .   b - +0 hat
rElec    .         Reflect  .   (no cloak)
rCorr    .         Harm     .   (gloves unavailable)
MR       .....     NoTele   +   (boots unavailable)
Stlth    +.........             (no amulet)
HPRegen  0.59/turn              (no ring)
MPRegen  0.12/turn              (no ring)

@: no status effects
A: large, unfitting armour, claws 3, fire resistance 1, fast metabolism 3,
gourmand, regeneration 1, shaggy fur 1, tough skin 2, sturdy frame 1
a: Potion Petition, Call Merchant, Bribe Branch, Renounce Religion


You were in the Dungeon.
You worshipped Gozag.
Gozag was noncommittal.
You were not hungry.

You visited 1 branch You collected 20 gold pieces.

Inventory:

Armour
 a - a +0 robe (worn)
 b - a +0 hat (worn)
Scrolls
 j - a scroll of blinking
 k - 2 scrolls of remove curse {unknown}
 m - 2 scrolls of torment {unknown}
 n - 2 scrolls of identify {unknown}
 o - a scroll of fog {unknown}
Potions
 e - a potion of curing
 f - a potion of heal wounds
 g - a potion of haste
 h - 2 potions of magic
 i - a potion of berserk rage
 p - a potion of flight {unknown}
 q - a potion of invisibility {unknown}
 r - 3 potions of mutation
Books
 c - a book of Minor Magic

   Spells                             Type                      Level
   a - Magic Dart                     Conjuration                  1
   b - Blink                          Translocation                2
   c - Call Imp                       Summoning                    2
   d - Slow                           Hexes                        2
   e - Conjure Flame                  Conjuration/Fire             3
   f - Mephitic Cloud                 Conjuration/Poison/Air       3
Miscellaneous
 l - a phial of floods
Comestibles
 d - 5 rations


   Skills:
 + Level 1.6 Fighting
 - Level 1.5 Dodging
 - Level 1.0 Stealth
 * Level 7.9 Unarmed Combat
 - Level 4.2 Spellcasting
 - Level 4.2 Conjurations
   Level 0.6 Summonings
 - Level 2.4 Translocations
 - Level 2.7 Fire Magic
 - Level 3.2 Air Magic
 - Level 3.7 Poison Magic


You had 4 spell levels left.
You knew the following spells:

 Your Spells              Type           Power        Failure   Level  Hunger
a - Magic Dart            Conj           ###.         2%          1    None
b - Blink                 Tloc           N/A          10%         2    ##.....
c - Conjure Flame         Conj/Fire      ##......     12%         3    ###....
e - Mephitic Cloud        Conj/Pois/Air  ###.....     11%         3    ###....


Dungeon Overview and Level Annotations

Branches:
Dungeon (1/1)

Altars:
Cheibriados
Fedhas
Gozag
Hepliaklqana
Kikubaaqudgha
Makhleb
Nemelex Xobeh
Qazlal
Sif Muna
Vehumet
Xom
Jiyva
Lugonu


Innate Abilities, Weirdness & Mutations

You are too large for most types of armour.
You have claws for hands.
Your metabolism is lightning-fast.
You like to eat raw meat.
Your natural rate of healing is unusually fast.
You are covered in fur. (AC +1)
You have very tough skin. (AC +2)
Your flesh is heat resistant. (rF+)
Your movements are slightly less encumbered by armour. (ER -2)


Message History

Unknown command.
Unknown command.
Unknown command.
You're too confused to cast spells.
You feel less confused.
The kobold demonologist is engulfed in noxious fumes.
The kobold demonologist appears confused.
The chaos spawn gores you.
* * * LOW HITPOINT WARNING * * *
There is an ancient bone altar of Kikubaaqudgha here.
Unknown command.
Press < or > to pray at altars.
Unknown command.
Press < or > to pray at altars.
You miss the chaos spawn.
The kobold demonologist is engulfed in noxious fumes.
The kobold demonologist appears confused.
The chaos spawn hits you!
You die...
Your body crumbles into a pile of gold.

#.##...#..#..###+#+###+## $
#.###..##'#..#..........#$
##)##..###...'.⌠........# $
..##..####...#...######'#$$$
$ ..##..###....#.⌠.#__#...#
.##÷..##.....#p..#__#...#
##....#.†....#§###__#...#
##..##.#.....#K§:#__#...+
#..#####....#_4@#__'...#
▓▓▓▓ ▓▓▓▓▓▓▓▓▓▓▓▓▓▓▓▓▓


You could see a wizard (confused), a kobold demonologist (confused) and a chaos
spawn.

Vanquished Creatures
  A shadow (D)
  A spatial vortex (D)
  A water elemental (D)
  A scorpion (D)
  A jelly (D)
  Jessica (D)
  A human (D)
  2 oozes (D)
  A rat (D)
10 creatures vanquished.

Vanquished Creatures (others)
  2 draconian scorchers (D)
  6 hellions (D)
  3 plants (D)
11 creatures vanquished.

Grand Total: 21 creatures vanquished

Notes
Turn   | Place    | Note
-------+----------+-------------------------------------------
     0 | D        | letownia2 the Troll Wizard began the quest for the Orb.
     0 | D        | Reached XP level 1. HP: 16/16 MP: 2/2
    11 | D        | Reached skill level 1 in Fighting
    11 | D        | Reached skill level 2 in Unarmed Combat
    16 | D        | Reached skill level 3 in Unarmed Combat
    16 | D        | Reached XP level 2. HP: 11/28 MP: 4/4
    58 | D        | Noticed Jessica
    70 | D        | Killed Jessica
    70 | D        | Reached skill level 5 in Unarmed Combat
    70 | D        | Reached XP level 3. HP: 35/35 MP: 5/5
    75 | D        | Learned a level 3 spell: Mephitic Cloud
   114 | D        | Noticed a scorpion
   115 | D        | Killed a hellion
   118 | D        | Killed a scorpion
   118 | D        | Reached skill level 1 in Air Magic
   118 | D        | Reached skill level 1 in Poison Magic
   118 | D        | Reached XP level 4. HP: 34/42 MP: 3/6
   119 | D        | Killed a hellion
   119 | D        | Killed a hellion
   120 | D        | Killed a hellion
   126 | D        | Learned a level 3 spell: Conjure Flame
   132 | D        | Killed a hellion
   136 | D        | Noticed a water elemental
   146 | D        | Killed a water elemental
   146 | D        | Reached skill level 6 in Unarmed Combat
   146 | D        | Reached skill level 1 in Fire Magic
   146 | D        | Reached XP level 5. HP: 34/49 MP: 3/8
   166 | D        | Killed a hellion
   187 | D        | Noticed a shadow
   197 | D        | Killed a shadow
   197 | D        | Reached skill level 7 in Unarmed Combat
   197 | D        | Reached XP level 6. HP: 21/57 MP: 2/10
   198 | D        | Killed a white draconian scorcher
   208 | D        | Learned a level 2 spell: Blink
   231 | D        | Found a blossoming altar of Fedhas.
   231 | D        | Found a stormy altar of Qazlal.
   232 | D        | Found a snail-covered altar of Cheibriados.
   232 | D        | Found a burning altar of Makhleb.
   232 | D        | Found a hazy altar of Hepliaklqana.
   232 | D        | Found a shimmering altar of Xom.
   232 | D        | Found an opulent altar of Gozag.
   232 | D        | Found a sparkling altar of Nemelex Xobeh.
   232 | D        | Found a corrupted altar of Lugonu.
   232 | D        | Found a viscous altar of Jiyva.
   232 | D        | Noticed a spatial vortex
   236 | D        | Killed a white draconian scorcher
   240 | D        | Killed a spatial vortex
   241 | D        | Became a worshipper of Gozag Ym Sagoz the Greedy
   299 | D        | Gained mutation: Scrolls take you a little longer to read. [potion of mutation]
   299 | D        | Gained mutation: You expend magic power (3 MP) to strengthen your wands. [potion of mutation]
   299 | D        | Gained mutation: You are partially covered in rugged brown scales. (AC +1, +3% HP) [potion of mutation]
   300 | D        | Lost mutation: You expend magic power (3 MP) to strengthen your wands. [potion of mutation]
   300 | D        | Lost mutation: You are partially covered in rugged brown scales. (AC +1, +3% HP) [potion of mutation]
   300 | D        | Lost mutation: Scrolls take you a little longer to read. [potion of mutation]
   300 | D        | Gained mutation: Your movements are slightly less encumbered by armour. (ER -2) [potion of mutation]
   300 | D        | Gained mutation: Your flesh is heat resistant. (rF+) [potion of mutation]
   306 | D        | Found a radiant altar of Vehumet.
   306 | D        | Found a deep blue altar of Sif Muna.
   306 | D        | Found an ancient bone altar of Kikubaaqudgha.
   310 | D        | Noticed a chaos spawn
   319 | D        | Slain by a chaos spawn

Skill      XL: |  1  2  3  4  5  6 |
---------------+-------------------+-----
Fighting       | 1 |  1.6
Unarmed Combat | 3 5 6 7 |  7.9
Conjurations   | 2 3 4 |  4.2
Air Magic      | 1 2 3 |  3.2
Poison Magic   | 1 2 3 |  3.7
Spellcasting   | 3 4 |  4.2
Fire Magic     | 1 2 |  2.7
Translocations | 2 |  2.4
Dodging        | |  1.5
Stealth        | |  1.0
Summonings     | |  0.6

Action                   |  1- 3 |  4- 6 || total
-------------------------+-------+-------++-------
Melee: Unarmed           |    21 |    20 ||    41
       Punch             |       |     1 ||     1
 Cast: Conjure Flame     |       |     2 ||     2
       Mephitic Cloud    |       |     2 ||     2
  Use: Potion            |       |     2 ||     2
 Stab: Sleeping          |     1 |       ||     1
  Eat: Chunk             |     1 |       ||     1
Armor: Robe              |     2 |     2 ||     4
Dodge: Dodged            |     7 |     8 ||    15
